AoeStats
← Whitebear

Coastal Forest

510815668Analyzed
2v2 RM · 16h ago on Oct 2, 2026· 30m 40s· 4 players
Game mode
Random Map
Map size
Medium (4 player)
Population
200
Speed
Normal
Resources
Standard
Victory
Conquest
Starting age
Dark Age
Ending age
Imperial Age
RankedLock teamsTeams togetherTeam positionsShared explorationLock speedFull tech treeHidden civsTurbo modeCheats
Victory
Defeat
🇬🇧 Varangians · United Kingdom
1376
+15
🇬🇧 Saracens · United Kingdom
1372
+15
🇦🇷 Mongols · Argentina
1357
-15
🇨🇦 Saxons · Canada
1353
-15
NosaSanjuan
6:59 Loom
8:58 Feudal Age
10:25 Double-Bit Axe
20:48 Castle Age
19:10 Gold Mining
20:38 Forging
25:23 Fletching
26:11 Gold Shaft Mining
29:32 Husbandry
30:10 Bodkin Arrow
Whitebear
6:19 Loom
9:42 Feudal Age
10:10 Double-Bit Axe
10:34 Horse Collar
19:03 Gold Mining
25:01 Fletching
27:14 Castle Age
27:09 Stone Mining
27:25 Padded Archer Armor
28:34 Gold Shaft Mining
28:36 Wheelbarrow
28:14 Bow Saw
27:27 Crossbowman
28:06 Bodkin Arrow
29:07 Pikeman
30:41 Leather Archer Armor
llamalarm
7:06 Loom
9:55 Feudal Age
10:39 Double-Bit Axe
14:09 Town Watch
17:47 Fletching
18:45 Wheelbarrow
22:25 Castle Age
20:59 Padded Archer Armor
22:27 Crossbowman
23:05 Bodkin Arrow
25:11 Ballistics
26:09 Thumb Ring
30:22 Leather Archer Armor
hooplah
6:09 Loom
9:11 Feudal Age
9:45 Horse Collar
16:23 Bloodlines
18:12 Scale Barding Armor
19:14 Wheelbarrow
22:22 Castle Age
22:10 Forging
23:28 Chain Barding Armor
22:57 Double-Bit Axe
22:35 Light Cavalry
25:23 Bow Saw
25:59 Husbandry
Connection lost

Rejoining the realm…

Still unreachable

The connection could not be restored.

Session expired

The server has moved on; the page needs a fresh start.